[Event "*** Titled Tuesday Blitz"]
[Site "Chess.com"]
[Date "2020.11.03"]
[Round "3"]
[White "Korchmar_Vasiliy"]
[Black "Maxim_e2e4"]
[Result "1-0"]
[WhiteElo "2619"]
[BlackElo "2393"]
[TimeControl "180+1"]
[EndTime "10:29:32 PST"]
[Termination "Korchmar_Vasiliy won on time"]

1. e4 c6 2. Nf3 d5 3. Nc3 dxe4 4.
Nxe4 Nf6 5. Nxf6+ exf6 6. d4 Bd6 7. Bd3 O-O 8. O-O Bg4 9. c3 Re8 10. h3 Bh5 11. g4 Bg6 12. Nh4 Bxd3 13. Qxd3 Nd7 14. Nf5 Nc5 15. Qf3 Ne6 16. Bd2 Bc7 17.
Rfe1 g6 18. Ng3 Qd6 19. Qxf6 Bd8 20. Qf3 Bc7 21. Bh6 Nf4 22. Ne4 1-0

[Event "*** Titled Tuesday Blitz"]
[Site "Chess.com"]
[Date "2020.11.03"]
[Round "3"]
[White "barriochess"]
[Black "GelmanAlexander"]
[Result "0-1"]
[WhiteElo "2361"]
[BlackElo "2574"]
[TimeControl "180+1"]
[EndTime "10:29:36 PST"]
[Termination "GelmanAlexander won by resignation"]

1. d4 Nf6 2. c4 c5 3. d5 b5 4.
cxb5 a6 5. Nf3 axb5 6. e3 Bb7 7. d6 b4 8. dxe7 Bxe7 9. Be2 O-O 10. O-O d5 11. Nbd2 Nbd7 12. b3 Ne4 13. Bb2 Nc3 14. Bxc3 bxc3 15. Nb1 Bf6 16. Qc2 d4 17. Rd1 Re8 18. exd4 cxd4 19. Nxd4 Qb6 20. Nf3 Ne5 21. Nxe5 Rxe5 22. Bc4 Rg5 23. Bf1 Qc6 24. f4 Rg4 0-1

[Event "*** Titled Tuesday Blitz"]
[Site "Chess.com"]
[Date "2020.11.03"]
[Round "3"]
[White "JRenatoMaranhao"]
[Black "LaPorfia"]
[Result "0-1"]
[WhiteElo "1889"]
[BlackElo "2292"]
[TimeControl "180+1"]
[EndTime "10:29:36 PST"]
[Termination "LaPorfia won by resignation"]

1. e4 d5 2. exd5 Nf6 3. Nc3 Nxd5 4. Nf3 Bg4 5. h3 Bh5 6. Bc4 c6 7. O-O e6 8. Re1 Be7 9. Re5 Bg6 10. Ne4 Nd7 11. d3 Nxe5 12. Nxe5 O-O 13. Ng3 Nb6 14. Bb3 Bd6 15. Nf3 Qc7 16. Ne4 Bf4 17. Neg5 Rad8 18. Bxe6 Bxc1 19. Qxc1 h6 20. Bb3 hxg5 21. Qxg5 Nd5 22.
Re1 Rde8 23. Re5 Rxe5 24. Nxe5 Qe7 0-1

[Event "*** Titled Tuesday Blitz"]
[Site "Chess.com"]
[Date "2020.11.03"]
[Round "3"]
[White "AmirBagheri78"]
[Black "ChessLover0108"]
[Result "0-1"]
[WhiteElo "2580"]
[BlackElo "2844"]
[TimeControl "180+1"]
[EndTime "10:29:37 PST"]
[Termination "ChessLover0108 won by resignation"]

1. d4 Nf6 2. Nf3 g6 3. Bg5 Bg7 4.
Nbd2 d5 5. e3 O-O 6. Be2 c5 7.
c3 b6 8. O-O Bb7 9. Ne5 Nc6 10.
f4 Ne8 11. Ndf3 f6 12. Nxc6 Bxc6 13. Bh4 Nd6 14. Bd3 Qd7 15. Kh1 Bb5 16. Bxb5 Qxb5 17. Qb3 Qxb3 18. axb3 c4 19. b4 a5 20. bxa5 bxa5 21. Nd2 Rfb8 22. Ra2 Rb5 23. Rc1 Rc8 24. Kg1 Rcb8 25. Rc2 Kf7 26. Kf1 Bf8 27. Ke2 e6 28. Kd1 Be7 29. Kc1 Bd8 30. Ra1 h5 31. Ra2 Bc7 32.
Bg3 Rh8 33. Ra4 h4 34. Bf2 h3 35. g3 g5 36. Ra3 g4 37. b3 cxb3 38. Rxb3 Rxb3 39.
Nxb3 Rb8 40. Nc5 Nc4 41. Ra2 Bd6 42. Nd3 Kg6 43. Nb2 Rxb2 44. Rxb2 Ba3 0-1

[Event "*** Titled Tuesday Blitz"]
[Site "Chess.com"]
[Date "2020.11.03"]
[Round "3"]
[White "Kapibara_Warri0r"]
[Black "dosto07"]
[Result "0-1"]
[WhiteElo "2127"]
[BlackElo "2354"]
[TimeControl "180+1"]
[EndTime "10:29:37 PST"]
[Termination "dosto07 won by resignation"]

1. e4 e5 2. Nf3 Nc6 3. Bb5 a6 4. Ba4 Nf6 5. O-O Be7 6. Re1 b5 7. Bb3 d6 8. a4 b4 9. d4 Bg4 10. dxe5 Nxe5 11. Nbd2 O-O 12. h3 Nxf3+ 13. Nxf3 Be6 14.
Bd5 Nxd5 15. exd5 Bf5 16. Nd4 Bd7 17. Qf3 Bf6 18. c3 Re8 19. Rxe8+ Qxe8 20. Bd2 Bxa4 21.
Nf5 Bd7 22. Re1 Qd8 23. Ng3 bxc3 24. bxc3 Bg5 25. Bxg5 Qxg5 26. Qe4 h6 27. h4 Qf6 28. Nh5 Qxc3 29. Qe7 Re8 0-1

[Event "*** Titled Tuesday Blitz"]
[Site "Chess.com"]
[Date "2020.11.03"]
[Round "3"]
[White "Sven_Tica"]
[Black "Shuvalov"]
[Result "1-0"]
[WhiteElo "2692"]
[BlackElo "2438"]
[TimeControl "180+1"]
[EndTime "10:29:38 PST"]
[Termination "Sven_Tica won by resignation"]

1. d4 d5 2. c4 c6 3. Nf3 Nf6 4. Qc2 dxc4 5. Qxc4 Bf5 6. g3 e6 7. Bg2 Nbd7 8. O-O Be7 9. Nbd2 O-O 10. Qb3 Qb6 11.
Nc4 Qa6 12. Bf4 Nb6 13. Nfd2 Rfd8 14. Be5 Nfd7 15. Bc7 Rdc8 16. Bd6 Bf6 17. e3 Nxc4 18. Nxc4 Nb6 19. Rac1 Nxc4 20. Rxc4 Rd8 21. Ba3 Rd7 22.
Rfc1 Rad8 23. Bc5 b5 24. R4c3 e5 25. h3 Be6 26. Qa3 Qxa3 27. Rxa3 exd4 28. Bxc6 dxe3 29. Bxd7 exf2+ 30. Bxf2 Rxd7 31. Rc8+ Rd8 32. Rxd8+ Bxd8 33. Rxa7 Bd5 34. Rd7 Bf6 35. Rxd5 g6 36. Bd4 1-0

[Event "*** Titled Tuesday Blitz"]
[Site "Chess.com"]
[Date "2020.11.03"]
[Round "3"]
[White "marabu44"]
[Black "RobPeresian"]
[Result "0-1"]
[WhiteElo "2255"]
[BlackElo "2456"]
[TimeControl "180+1"]
[EndTime "10:29:38 PST"]
[Termination "RobPeresian won on time"]

1. Nf3 d5 2. d4 Nf6 3. c4 c6 4.
Nc3 dxc4 5. a4 Bf5 6. Ne5 Nbd7 7. Nxc4 Qc7 8. g3 e5 9. dxe5 Nxe5 10. Bf4 Nfd7 11.
Nxe5 Nxe5 12. Qb3 f6 13. Bg2 a5 14. O-O g5 15. Bxe5 Qxe5 16. Qxb7 Rb8 17. Qxc6+ Kf7 18. Nb5 Bb4 19. Rad1 h5 20. Nd6+ Bxd6 21. Rxd6 Rxb2 22. e4 Bg4 23. f4 gxf4 24. gxf4 Qe7 25. e5 Rh6 26. h3 Rg6 27. hxg4 Rxg4 28. Rxf6+ Kg7 29. Rf2 Qa7 30. Qf3 Qd4 31. Rd6 Rb1+ 32. Kh2 Qa1 0-1

[Event "*** Titled Tuesday Blitz"]
[Site "Chess.com"]
[Date "2020.11.03"]
[Round "3"]
[White "Azerichess"]
[Black "Nikolakis2014"]
[Result "1-0"]
[WhiteElo "3017"]
[BlackElo "2744"]
[TimeControl "180+1"]
[EndTime "10:29:42 PST"]
[Termination "Azerichess won by resignation"]

1. e4 c6 2. d4 d5 3. exd5 cxd5 4. c4 Nf6 5. Nc3 e6 6. Nf3 Be7 7. cxd5 Nxd5 8. Bd3 O-O 9. O-O Nc6 10. Re1 Bf6 11. Nxd5 exd5 12. Ne5 Nxd4 13. Bxh7+ Kxh7 14. Qxd4 Kg8 15. Bf4 Be6 16. Rad1 Qa5 17. a3 Rac8 18. Qe3 Rfe8 19.
Qg3 d4 20. h4 Bf5 21. b4 Qd5 22. h5 d3 23. h6 g6 24. Nf3 Re4 25. Rxe4 Bxe4 26.
Be5 Bxf3 27. Bxf6 Bxd1 28. Qh3 Kh7 29. Qxc8 g5 30. Qh8+ Kg6 31. Qg7+ Kf5 32. Qxg5+ Ke6 33. Qxd5+ Kxd5 34. h7 d2 35. h8=Q 1-0

[Event "*** Titled Tuesday Blitz"]
[Site "Chess.com"]
[Date "2020.11.03"]
[Round "3"]
[White "Ariadna_Atreides"]
[Black "indfraeng"]
[Result "0-1"]
[WhiteElo "2103"]
[BlackElo "2336"]
[TimeControl "180+1"]
[EndTime "10:29:42 PST"]
[Termination "indfraeng won on time"]

1. d4 d5 2. Nf3 Nf6 3. Bf4 c5 4. c3 Nc6 5. dxc5 a5 6. Ne5 e6 7.
Nxc6 bxc6 8. b4 axb4 9. cxb4 Ne4 10. Nd2 Qf6 11. g3 Nc3 12. Qc1 Nxa2 13. Qb1 Nc3 14. Qc1 Ra6 15. e4 Ne2 16. e5 Nxc1 17. Bxa6 Qd8 18. Bxc8 Qxc8 19. Rxc1 Be7 20. O-O O-O 21. Nf3 Qb7 22. Rb1 Ra8 23. Nd4 Ra4 24. Bd2 Ra2 25. Bc3 Qc7 26. Rfc1 h5 27. b5 cxb5 28. Rxb5 Ra8 29.
c6 Bg5 0-1

[Event "*** Titled Tuesday Blitz"]
[Site "Chess.com"]
[Date "2020.11.03"]
[Round "3"]
[White "Zkid"]
[Black "Tomekas1"]
[Result "1-0"]
[WhiteElo "2805"]
[BlackElo "2453"]
[TimeControl "180+1"]
[EndTime "10:29:45 PST"]
[Termination "Zkid won by resignation"]

1. e4 c5 2. Nf3 g6 3. d4 cxd4 4.
Nxd4 Bg7 5. c4 Nc6 6. Nc2 Nf6 7.
Nc3 O-O 8. Be2 d6 9. O-O Bd7 10. Be3 Rc8 11. Rc1 a6 12. Nd5 Nxe4 13. Bb6 Qe8 14.
Nc7 Qd8 15. Nd5 Qe8 16. f3 Nf6 17. Nc7 Qd8 18. Nd5 Qe8 19. b3 e6 20. Nxf6+ Bxf6 21. Qxd6 Be5 22. Qd2 Qe7 23. Qh6 Qf6 24. f4 Bd4+ 25.
Nxd4 Nxd4 26. Bg4 Bc6 27. Rcd1 Nf5 28. Qg5 Qxg5 29. fxg5 e5 30. Bxf5 gxf5 31. Rxf5 Rfe8 32. Rdf1 Re7 33. Bc5 Rd7 34. h4 Rd2 35. R1f2 Rxf2 36. Kxf2 e4 37. Ke3 Rd8 38. Bd4 Rd7 39. h5 Rd6 40.
Re5 Kf8 41. Bc5 1-0

[Event "*** Titled Tuesday Blitz"]
[Site "Chess.com"]
[Date "2020.11.03"]
[Round "3"]
[White "zmeeed67"]
[Black "IceBelka"]
[Result "1-0"]
[WhiteElo "2351"]
[BlackElo "2117"]
[TimeControl "180+1"]
[EndTime "10:29:45 PST"]
[Termination "zmeeed67 won on time"]

1. e4 c6 2. d4 d5 3. e5 Bf5 4.
Nf3 e6 5. Be2 Nd7 6. O-O h6 7.
c3 Ne7 8. Nbd2 g5 9. Nb3 Bg7 10. Be3 Ng6 11. Qc1 g4 12. Ne1 h5 13. Bd3 Bxd3 14.
Nxd3 Qc7 15. Bg5 b6 16. f4 gxf3 17. Rxf3 c5 18. Qf1 Rf8 19. Nf4 Nxf4 20. Rxf4 Nxe5 21.
dxe5 Bxe5 22. Rh4 f6 23. Bf4 Bxf4 24. Rxf4 Qe7 25. Qf3 O-O-O 26. Rf1 f5 27. Qxh5 Rg8 28. Re1 Rg7 29. Rxf5 Rdg8 30. g3 Rh7 31. Qf3 1-0

[Event "*** Titled Tuesday Blitz"]
[Site "Chess.com"]
[Date "2020.11.03"]
[Round "3"]
[White "Alexsur1981"]
[Black "SergeyShtyka"]
[Result "1-0"]
[WhiteElo "2779"]
[BlackElo "2371"]
[TimeControl "180+1"]
[EndTime "10:29:46 PST"]
[Termination "Alexsur1981 won by resignation"]

1. e4 c5 2. Nc3 Nc6 3. Bb5 Nd4 4. Nf3 Nxf3+ 5. Qxf3 e6 6. Qg3 a6 7. Be2 d6 8. d3 Nf6 9. f4 Be7 10. O-O O-O 11.
e5 Ne8 12. Kh1 d5 13. Bd2 b5 14. Rae1 Bb7 15. Bf3 Qb6 16. Nd1 d4 17. Bxb7 Qxb7 18.
Nf2 Qd5 19. b3 f5 20. exf6 Nxf6 21. Qh3 Kf7 22. Re5 Qc6 23. Rfe1 Rfe8 24. Rxe6 Qd5 25. R1e5 Qb7 26. Ne4 Nxe4 27. Rxe4 Bf6 28. Rxe8 Rxe8 29. Rxe8 Kxe8 30. Qxh7 c4 31. Kg1 Qd5 32. Qe4+ Qxe4 33.
dxe4 d3 34. cxd3 Bd4+ 35. Kf1 cxd3 36. f5 Ke7 37. Bf4 a5 38. e5 a4 39. Ke1 Bc3+ 40.
Kd1 axb3 41. axb3 Kd7 42. g4 Kc6 43. e6 Bb4 44. Be5 Kd5 45. Bxg7 Ke4 46. f6 1-0

[Event "*** Titled Tuesday Blitz"]
[Site "Chess.com"]
[Date "2020.11.03"]
[Round "3"]
[White "Sergey85Rodchenkov"]
[Black "PattyCastillo"]
[Result "1-0"]
[WhiteElo "2474"]
[BlackElo "1928"]
[TimeControl "180+1"]
[EndTime "10:29:49 PST"]
[Termination "Sergey85Rodchenkov won on time"]

1. e4 c5 2. Nf3 d6 3. d4 cxd4 4. Nxd4 Nf6 5. Nc3 a6 6. Bc4 e6 7. Bb3 Nbd7 8. f4 Nc5 9. f5 e5 10. Nde2 h6 11. Ng3 Be7 12. O-O O-O 13. Be3 b5 14.
Nd5 Bb7 15. Bxc5 dxc5 16. Nxf6+ Bxf6 17. Bd5 Qb6 18. Qg4 c4+ 19. Kh1 Kh8 20. Rad1 Rad8 21. Nh5 Bxd5 22. exd5 Qd6 23. Ng3 Rfe8 24. Ne4 Qb6 25.
d6 Qe3 26. Rde1 Qd4 27. c3 Qb6 28. Rd1 Qe3 29. g3 Bg5 30. h4 Bf6 31. Kg2 Rg8 32. Rd2 Rd7 33. Rf3 Qb6 34. Rf1 a5 35. Rfd1 Qe3 36. Qf3 Qxf3+ 37. Kxf3 Bd8 38. Rd5 b4 39. Rb5 1-0

[Event "*** Titled Tuesday Blitz"]
[Site "Chess.com"]
[Date "2020.11.03"]
[Round "3"]
[White "WeAintSurePal"]
[Black "PawnEatingZombie"]
[Result "1-0"]
[WhiteElo "2357"]
[BlackElo "2164"]
[TimeControl "180+1"]
[EndTime "10:29:49 PST"]
[Termination "WeAintSurePal won on time"]

1. d4 d5 2. Nf3 e6 3. c4 dxc4 4.
Nc3 Bb4 5. Bf4 b5 6. e3 Nf6 7. Be2 Bb7 8. O-O a6 9. Ne5 Nbd7 10. Bf3 Bxf3 11. Qxf3 Nxe5 12. Bxe5 O-O 13. Qg3 Bd6 14.
Rfd1 Qe7 15. a4 b4 16. Ne2 Bxe5 17. dxe5 Nd5 18. Rac1 c3 19. bxc3 Nxc3 20. Nxc3 bxc3 21. Rxc3 Rad8 22. Rdc1 Qb4 23. h3 Qxa4 24. Rxc7 Rd1+ 25. Kh2 Rxc1 26. Rxc1 a5 27. Qf3 Qb3 28. Qe4 a4 29.
Ra1 a3 30. Qd4 Qb2 31. f4 g6 32. Kg3 Rb8 33. Qxb2 axb2 34. Rb1 Kg7 35. Kf2 f6 36. exf6+ Kxf6 37. Ke2 h5 38. Kd3 Kf5 39. g3 e5 40. e4+ Kf6 41. Kc2 exf4 42. gxf4 g5 43. fxg5+ Kxg5 44. Rxb2 Rc8+ 45. Kd3 1-0

[Event "*** Titled Tuesday Blitz"]
[Site "Chess.com"]
[Date "2020.11.03"]
[Round "3"]
[White "kidagent"]
[Black "WcmDominicToretto"]
[Result "1-0"]
[WhiteElo "2291"]
[BlackElo "1871"]
[TimeControl "180+1"]
[EndTime "10:29:49 PST"]
[Termination "kidagent won by checkmate"]

1. e4 e5 2. Nf3 Nc6 3. Bb5 a6 4.
Ba4 Nf6 5. O-O Be7 6. Re1 b5 7. Bb3 O-O 8. a4 Bb7 9. c3 d5 10.
exd5 Nxd5 11. d4 e4 12. Rxe4 Nf6 13. Re1 Na5 14. Bc2 b4 15. Nbd2 bxc3 16. bxc3 c5 17. Ba3 Re8 18. Nf1 cxd4 19. Bxe7 Rxe7 20. Rxe7 Qxe7 21. Nxd4 Rd8 22. Ne3 Qe5 23. Qe2 h6 24. Rb1 Nd5 25. Nxd5 Qxd5 26. f3 Qa2 27. Bh7+ Kxh7 28.
Qxa2 Bd5 29. Qc2+ Kg8 30. Nf5 Nc4 31. Ne7+ Kf8 32. Nxd5 Na3 33. Qe4 Nxb1 34. Qe7+ Kg8 35. Qxd8+ Kh7 36. Ne7 Nxc3 37. Qg8# 1-0

[Event "*** Titled Tuesday Blitz"]
[Site "Chess.com"]
[Date "2020.11.03"]
[Round "3"]
[White "Frogo47"]
[Black "HrvojeZagreb"]
[Result "1-0"]
[WhiteElo "2442"]
[BlackElo "2229"]
[TimeControl "180+1"]
[EndTime "10:29:51 PST"]
[Termination "Frogo47 won by resignation"]

1. d4 e6 2. c4 f5 3. Nf3 Nf6 4. g3 Be7 5. Bg2 O-O 6. O-O d6 7. Nc3 Ne4 8. Qc2 Nxc3 9. Qxc3 Bf6 10. b3 Nc6 11. Bb2 e5 12. e3 Qe8 13. Rad1 Qh5 14.
dxe5 dxe5 15. c5 f4 16. Qc4+ Kh8 17. exf4 exf4 18. Bxf6 Rxf6 19. b4 Bg4 20. Rd5 Be6 21. Rxh5 Bxc4 22. Rc1 Bf7 23. Rh4 Nxb4 24. a3 Nd3 25. Rc3 Rd8 26. Ng5 Bg8 27. Be4 fxg3 28. Bxd3 gxf2+ 29. Kf1 Rxd3 30. Rxd3 h6 31. Ne4 Bc4 32.
Nxf6 Bxd3+ 33. Kxf2 gxf6 34. Rxh6+ Kg7 35. Rh4 b6 36.
Rd4 Bf5 37. cxb6 axb6 38. Kg3 Kf7 39. Kf4 Be6 40. h4 Ke7 41. h5 Bg8 42. Ra4 Bh7 43. Ra8 Kf7 44. Rc8 Kg7 45. Rxc7+ 1-0

[Event "*** Titled Tuesday Blitz"]
[Site "Chess.com"]
[Date "2020.11.03"]
[Round "3"]
[White "GMG"]
[Black "Slovak_fighter2000"]
[Result "1-0"]
[WhiteElo "2719"]
[BlackElo "2507"]
[TimeControl "180+1"]
[EndTime "10:29:52 PST"]
[Termination "GMG won by resignation"]

1. Nf3 Nf6 2. g3 d5 3. Bg2 c6 4. O-O Bf5 5. d3 h6 6. c4 e6 7. cxd5 exd5 8. Qb3 Qb6 9. Qc2 Be7 10. Nc3 O-O 11. e4 dxe4 12. dxe4 Bh7 13. Be3 Qa6 14.
Rfd1 Nbd7 15. h3 Rad8 16. Nd4 Rfe8 17. a3 Bf8 18. Nf5 Bxf5 19. exf5 Bc5 20. Bf1 b5 21. Bxc5 Nxc5 22. Nxb5 cxb5 23. Qxc5 Rb8 24. a4 Ne4 25. Qd4 Rbd8 26. axb5 Rxd4 27. bxa6 Rb4 28. Rd7 Rxb2 29. Re1 Rb4 30. Rxa7 Rd8 31. Rb7 Ra4 32. a7 Nc5 33. Rb8 Rf8 34. Ree8 Nd7 35. Rxf8+ Nxf8 36. a8=Q 1-0

[Event "*** Titled Tuesday Blitz"]
[Site "Chess.com"]
[Date "2020.11.03"]
[Round "3"]
[White "Chernobay_Artem"]
[Black "mr_gustavo"]
[Result "1-0"]
[WhiteElo "2632"]
[BlackElo "2409"]
[TimeControl "180+1"]
[EndTime "10:29:52 PST"]
[Termination "Chernobay_Artem won on time"]

1. d4 Nf6 2. c4 e6 3. Nf3 d5 4. g3 dxc4 5. Bg2 Nc6 6. O-O a6 7. e3 Rb8 8. Nfd2 e5 9. Bxc6+ bxc6 10. dxe5 Ng4 11. Nxc4 Qxd1 12. Rxd1 Be6 13. Nbd2 Bb4 14. b3 h5 15. Bb2 h4 16. h3 hxg3 17. hxg4 Bxg4 18.
f3 Be6 19. Kg2 Rh2+ 20. Kxg3 Re2 21. Ba3 Bxa3 22. Nxa3 Ke7 23. Ne4 Rh8 24. Nf2 Rxe3 25. Nc2 Re2 26. Nd4 Rb2 27. Nxc6+ 1-0

[Event "*** Titled Tuesday Blitz"]
[Site "Chess.com"]
[Date "2020.11.03"]
[Round "3"]
[White "JosefineHeinemann"]
[Black "PSvidler"]
[Result "0-1"]
[WhiteElo "2596"]
[BlackElo "2893"]
[TimeControl "180+1"]
[EndTime "10:29:53 PST"]
[Termination "PSvidler won by resignation"]

1. e4 c5 2. Nf3 d6 3. d4 cxd4 4. Nxd4 Nf6 5. Nc3 a6 6. f3 e6 7. Be3 b5 8. Qd2 b4 9. Na4 Nbd7 10. g4 h6 11. O-O-O d5 12. exd5 Nxd5 13. Bc4 Bb7 14.
Rhe1 N7f6 15. Kb1 Qc7 16. Bb3 O-O-O 17. Bf2 Bd6 18. h4 Bf4 19. Qe2 Kb8 20. Bc4 Ne3 21. Bxe3 Bxe3 22. Qxe3 Qxc4 23. Qe5+ Qc7 24. Nc5 Qxe5 25.
Rxe5 Nd7 26. Ndxe6 Nxe5 27. Rxd8+ Rxd8 28. Nxd8 Bxf3 29. g5 hxg5 30. hxg5 Kc8 31. Nxa6 Kxd8 32. Nxb4 Be4 33. a4 Nf3 34. a5 Nxg5 35. a6 Kc7 36. Kc1 Nf3 0-1

[Event "*** Titled Tuesday Blitz"]
[Site "Chess.com"]
[Date "2020.11.03"]
[Round "3"]
[White "Nemsko"]
[Black "AliKa2810"]
[Result "1-0"]
[WhiteElo "2378"]
[BlackElo "2561"]
[TimeControl "180+1"]
[EndTime "10:29:53 PST"]
[Termination "Nemsko won by resignation"]

1. e4 c6 2. d4 d5 3. e5 Bf5 4. Nf3 e6 5. Be2 Ne7 6. O-O Ng6 7. a4 a5 8. Re1 Be7 9. Be3 h5 10. Nbd2 h4 11. h3 Nd7 12. c4 O-O 13. b3 f6 14.
exf6 Bxf6 15. Nf1 Qe7 16. Qd2 Qf7 17. Ng5 Bxg5 18. Bxg5 Bxh3 19. gxh3 Qxf2+ 20. Kh1 Nf4 21. Bxf4 Rxf4 22. Bg4 Nf8 23. Qxf2 Rxf2 24. Re2 Rf6 25. Nd2 Kf7 26. Rae1 Ke7 27. Nf3 Kd6 28. c5+ Kd7 29.
Nxh4 Re8 30. Nf3 Re7 31. Ne5+ Kc7 32. Kg2 Rf4 33. Rd1 Rf6 34. Rf1 Nh7 35. Ref2 Rxf2+ 36. Rxf2 Nf6 37. Bf3 b5 38. Re2 b4 39. Kg3 Re8 40.
Ng6 Kd7 41. Re5 Rg8 42. Bg4 Re8 43. Nf4 Ne4+ 44. Kg2 g5 45. Nxe6 1-0

[Event "*** Titled Tuesday Blitz"]
[Site "Chess.com"]
[Date "2020.11.03"]
[Round "3"]
[White "xamax2000"]
[Black "Superfelix"]
[Result "0-1"]
[WhiteElo "2660"]
[BlackElo "2439"]
[TimeControl "180+1"]
[EndTime "10:29:54 PST"]
[Termination "Superfelix won by resignation"]

1. e4 c6 2. d4 g6 3. Bd3 Bg7 4. c3 d6 5. Nf3 e5 6. h3 Nd7 7. O-O Ngf6 8. Re1 O-O 9. a4 Re8 10. Bg5 h6 11. Bh4 Qc7 12. Bg3 Nh5 13. Bh2 a5 14.
Nbd2 Nf4 15. Bxf4 exf4 16. Nf1 g5 17. Re2 Nf6 18. N1h2 g4 19. hxg4 Nxg4 20. Re1 Nxh2 21. Nxh2 Qe7 22. Qd2 Qh4 23. Nf3 Qg4 24. Re2 h5 25.
Kh2 Bh6 26. Rh1 Re6 27. Kg1 Rg6 28. Rh2 Qxf3 29. e5 Rxg2+ 30. Rxg2+ Qxg2+ 31. Kxg2 f3+ 32. Kxf3 Bg4+ 33. Kg3 Bxd2 34. Rxd2 dxe5 35. dxe5 Kf8 36.
Be4 Ke7 37. Rd6 Rg8 38. Kf4 Be6 39. Rd1 h4 40. Rh1 h3 41. b4 axb4 42. cxb4 Rg4+ 43. Kf3 Rxe4 0-1

[Event "*** Titled Tuesday Blitz"]
[Site "Chess.com"]
[Date "2020.11.03"]
[Round "3"]
[White "andrzej"]
[Black "Shoytan"]
[Result "0-1"]
[WhiteElo "2380"]
[BlackElo "2601"]
[TimeControl "180+1"]
[EndTime "10:29:54 PST"]
[Termination "Shoytan won by resignation"]

1. e4 c5 2. Nf3 d6 3. d4 cxd4 4.
Nxd4 Nf6 5. Nc3 a6 6. Be3 e5 7. Nf3 Qc7 8. a4 h6 9. a5 Be6 10. Be2 Be7 11. O-O O-O 12. h3 Nbd7 13. Nd5 Nxd5 14.
exd5 Bf5 15. c4 Bh7 16. b4 f5 17. Bc1 f4 18. Bb2 Bf6 19. Nd2 e4 20. Bxf6 Rxf6 21.
Bg4 Ne5 22. Be6+ Kh8 23. Rc1 Raf8 24. c5 Qe7 25. Nc4 Nxc4 26. Rxc4 f3 27. g3 Bf5 28. Bxf5 Rxf5 29. c6 Rh5 30. c7 Qd7 31. c8=Q Rxc8 32. Rxc8+ Qxc8 33. g4 Rxh3 0-1

[Event "*** Titled Tuesday Blitz"]
[Site "Chess.com"]
[Date "2020.11.03"]
[Round "3"]
[White "Mr_Sinigami"]
[Black "HouseOfDurin"]
[Result "1-0"]
[WhiteElo "2488"]
[BlackElo "2193"]
[TimeControl "180+1"]
[EndTime "10:29:55 PST"]
[Termination "Mr_Sinigami won on time"]

1. d4 Nf6 2. Nf3 c5 3. d5 b5 4. c4 bxc4 5. Nc3 d6 6. e4 Nbd7 7. Nd2 g6 8. Nxc4 Bg7 9. Be2 O-O 10. O-O Nb6 11. a4 Nxc4 12. Bxc4 a5 13. h3 Rb8 14.
Bb5 Nd7 15. Bd2 c4 16. Qe2 Ne5 17. f4 Nd3 18. b3 Qb6+ 19. Kh2 Qd4 20. bxc4 Nc5 21.
Rab1 Ba6 22. Bxa6 Nxa6 23. Nb5 Qb6 24. Qe1 Rfc8 25. Bxa5 Qc5 26. Rc1 Ra8 27. Bd2 Nb8 28. a5 Nd7 29. Bb4 Qd4 30. Nxd4 1-0

[Event "*** Titled Tuesday Blitz"]
[Site "Chess.com"]
[Date "2020.11.03"]
[Round "3"]
[White "Mimsychess"]
[Black "ethylalcohol"]
[Result "1-0"]
[WhiteElo "2331"]
[BlackElo "2096"]
[TimeControl "180+1"]
[EndTime "10:29:55 PST"]
[Termination "Mimsychess won on time"]

1. Nf3 Nf6 2. c4 g6 3. Nc3 Bg7 4. e4 d6 5. d4 O-O 6. Be2 Nc6 7. d5 Ne5 8. Nxe5 dxe5 9. O-O e6 10. Bg5 h6 11. Bh4 g5 12. Bg3 exd5 13. cxd5 Ne8 14. Rc1 Nd6 15. Bg4 Nxe4 16. Nxe4 Bxg4 17. Qxg4 f5 18.
Qe2 fxe4 19. Qxe4 Qd6 20. Rfe1 Rae8 21. b4 h5 22. h3 h4 23. Bh2 Qb6 24. Rc5 a5 25. a3 axb4 26. axb4 Ra8 27. Qc4 Qf6 28. Rf1 Rf7 29. Rxc7 Rxc7 30. Qxc7 Rf8 31. d6 e4 32. Qc4+ Kh7 33. Qxe4+ Kh6 34. d7 Rd8 35. Rd1 Qf7 36.
Rd6+ 1-0

[Event "*** Titled Tuesday Blitz"]
[Site "Chess.com"]
[Date "2020.11.03"]
[Round "3"]
[White "oskariot"]
[Black "Beca95"]
[Result "0-1"]
[WhiteElo "2713"]
[BlackElo "2960"]
[TimeControl "180+1"]
[EndTime "10:29:57 PST"]
[Termination "Beca95 won by resignation"]

1. e4 g6 2. d4 Bg7 3. Nc3 a6 4. a4 d6 5. g3 Nc6 6. Bg2 e5 7. dxe5 Nxe5 8. h3 Nf6 9. Nge2 O-O 10. f4 Ned7 11. O-O Re8 12. g4 Nc5 13. Ng3 h6 14. Be3 Qe7 15. Bd4 Ncd7 16. Qf3 Nxe4 17. Bxg7 Nd2 18.
Qf2 Nxf1 19. Rxf1 Kxg7 20. Nd5 Qd8 21. f5 Ne5 22. f6+ Kh7 23. Ne4 g5 24. Ng3 Be6 25. Be4+ Kg8 26. Nf5 Bxf5 27. Qxf5 Ng6 28. Ne7+ Rxe7 29.
fxe7 Qxe7 30. Bxb7 Rb8 31. Bd5 Qe3+ 32. Kg2 Nh4+ 0-1

[Event "*** Titled Tuesday Blitz"]
[Site "Chess.com"]
[Date "2020.11.03"]
[Round "3"]
[White "amintabatabaei"]
[Black "grunbergmihai"]
[Result "1-0"]
[WhiteElo "2950"]
[BlackElo "2469"]
[TimeControl "180+1"]
[EndTime "10:29:57 PST"]
[Termination "amintabatabaei won by resignation"]

1. a3 e5 2. e3 d5 3. d4 exd4 4. exd4 Nf6 5. Bd3 Bd6 6. Ne2 h6 7. Nbc3 c6 8. Bf4 O-O 9. Qd2 Re8 10. O-O-O b5 11. Bxd6 Qxd6 12. Qf4 Qxf4+ 13. Nxf4 Nbd7 14. Rde1 Bb7 15. f3 Rxe1+ 16. Rxe1 Re8 17. Kd2 Rxe1 18.
Kxe1 Kf8 19. g4 Ke7 20. h4 Nf8 21.
Nce2 Ne6 22. Nxe6 Kxe6 23. Nf4+ Ke7 24. g5 hxg5 25. hxg5 Nd7 26. Bf5 Nb6 27. Nd3 f6 28. gxf6+ gxf6 29. Kf2 Bc8 30. Bxc8 Nxc8 31. Kg3 Nd6 32. Kg4 a5 33. b3 Nf7 34. Kf5 Nd6+ 35. Kg6 Nb7 36. Nf2 Nd8 37. Nd3 Ne6 38. c3 Nf8+ 39. Kf5 Ne6 40. Nf4 Nxf4 41. Kxf4 Ke6 42.
Kg4 Kd6 43. Kf5 Ke7 44. Kg6 c5 45. b4 axb4 46. axb4 cxd4 47. cxd4 Ke6 48. f4 1-0

[Event "*** Titled Tuesday Blitz"]
[Site "Chess.com"]
[Date "2020.11.03"]
[Round "3"]
[White "Volodar_Murzin"]
[Black "Triumphmate"]
[Result "1-0"]
[WhiteElo "2610"]
[BlackElo "2386"]
[TimeControl "180+1"]
[EndTime "10:29:58 PST"]
[Termination "Volodar_Murzin won by resignation"]

1. e4 d5 2. exd5 Nf6 3. d4 Bg4 4. Ne2 Qxd5 5. Nbc3 Qd7 6. f3 Bf5 7. g4 Bg6 8. h4 h5 9. g5 Nd5 10. Nxd5 Qxd5 11. Nf4 Qd6 12. c3 Nc6 13. Nxg6 Qxg6 14. Bd3 Qd6 15. f4 O-O-O 16. Be3 f6 17. Be4 Kb8 18.
Qf3 e5 19. fxe5 fxe5 20. Bxc6 bxc6 21. O-O-O Be7 22. dxe5 Qxe5 23. Bd4 Qb5 24. Kb1 Rhf8 25. Qe3 Ba3 26. b3 Rfe8 27. Qf3 Re2 28. c4 Qa5 29. Qxe2 Qf5+ 30. Qc2 Qf3 31. Bb2 Bd6 32. c5 Re8 33. cxd6 cxd6 34. Rhf1 Qh3 35. Qxc6 1-0

[Event "*** Titled Tuesday Blitz"]
[Site "Chess.com"]
[Date "2020.11.03"]
[Round "3"]
[White "IMDT02"]
[Black "GM_Huschenbeth"]
[Result "1/2-1/2"]
[WhiteElo "2535"]
[BlackElo "2337"]
[TimeControl "180+1"]
[EndTime "10:29:58 PST"]
[Termination "Game drawn by repetition"]

1. e4 e5 2. Nf3 Nc6 3. Nc3 Nf6 4. Bb5 Bd6 5. O-O O-O 6. Re1 Re8 7. a3 Bf8 8. d4 exd4 9. Nxd4 a6 10. Bc4 b5 11. Ba2 Nxd4 12. Qxd4 c5 13. Qd1 d6 14. a4 Bb7 15. axb5 axb5 16. Bg5 b4 17. Nd5 Bxd5 18. Bxd5 Rxa1 19. Qb1 h6 20. Bxf6 Qxf6 21. Qxa1 g6 22. b3 Bg7 23. Qxf6 Bxf6 24. Re3 Bd4 25. Rf3 Re7 26. g3 Kg7 27. Kg2 Ra7 28. h4 f6 29.
Rd3 Ra2 30. Rd2 Bc3 31. Re2 Ra1 32.
Kf3 h5 33. Kg2 Rd1 34. Kf3 Kf8 35. Kg2 Kg7 36. Kf3 g5 37. hxg5 fxg5 38. Kg2 Kf6 39. f4 Bd4 40. Kf3 Rf1+ 41. Kg2 Rg1+ 42. Kh2 h4 43. e5+ dxe5 44. fxe5+ Ke7 45. gxh4 gxh4 46.
Kh3 Rg5 47. Kxh4 Rxe5 48. Rxe5+ Bxe5 49. Kg4 Kd6 50. Bc4 Bd4 51. Kf5 Bc3 52. Ke4 Bd4 53. Bd3 Bc3 54. Bc4 Bd4 55. Bd3 Bc3 56. Bc4 1/2-1/2